Map: Blackburn LE

Players

BeerMan

  • Race: Zerg Zerg
  • Spawn Location: 5:00

Pumba - Winner!

  • Race: Protoss Protoss
  • League: Silver
  • Spawn Location: 7:00

VOD

Have the link to the VOD?

Description

Time

  • Played on: Jan. 25, 2022, 8:26 p.m.
  • Length: 17:00
Show
View Real Time Build Order
Export as new Build Order

BeerMan Zerg 

Build Orders: Pool First, Lurkers 

Get SALT Encoding   

  12  0:18  Spawning Pool  
  11  0:21  Drone  
  11  0:26  Drone  
  13  0:30  Drone  
  14  0:39  Overlord  
  14  1:06  Zergling x4  
  14  1:07  Zergling x2  
  17  1:18  Zergling x2  
  17  1:19  Hatchery  
  17  1:30  Zergling x2  
  18  1:33  Queen  
  18  1:39  Drone  
  21  1:50  Drone  
  22  2:06  Overlord  
  22  2:10  Extractor  
  22  2:13  Drone  
  21  2:30  Drone  
  21  2:34  Drone  
  23  2:43  Drone x3  
  26  2:45  Drone x2  
  28  2:52  Hatchery  
  28  2:58  Queen  
  29  3:05  Drone x2  
  31  3:10  Drone x2  
  33  3:14  Drone  
  33  3:19  Drone  
  35  3:24  Overlord  
  35  3:33  Metabolic Boost  
  35  3:35  Overlord  
  35  3:40  Overlord  
  35  3:48  Baneling Nest  
  35  3:51  Overlord x2  
  35  3:54  Zergling x2  
  35  3:56  Zergling x2  
  35  4:02  Zergling x6  
  39  4:08  Zergling x6  
  42  4:14  Zergling x2  
  43  4:21  Zergling x2  
  43  4:22  Zergling x4  
  46  4:32  Zergling x10  
  51  4:40  Zergling x2  
  51  4:41  Zergling x4  
  54  4:47  Drone x4  
  54  4:51  Baneling x5  
  58  4:58  Drone x2  
  58  4:59  Drone  
  61  5:04  Drone  
  61  5:06  Zergling x4  
  60  5:25  Zergling x14  
  63  5:35  Baneling  
  56  5:36  Baneling x2  
  56  5:40  Zergling x10  
  56  5:47  Zergling x6  
  57  5:56  Zergling x2  
  54  5:58  Baneling x2  
  54  6:02  Zergling x4  
  56  6:04  Drone  
  56  6:07  Queen  
  56  6:09  Drone x2  
  59  6:20  Drone  
  59  6:21  Drone x2  
  56  6:33  Drone x3  
  56  6:36  Drone  
  56  6:37  Drone x3  
  56  6:39  Lair  
  63  6:42  Overlord x2  
  63  6:44  Drone x2  
  63  6:45  Hatchery  
  64  6:48  Queen  
  64  6:49  Queen  
  64  6:52  Drone  
  64  6:53  Drone  
  70  6:54  Drone  
  70  7:00  Zergling x4  
  73  7:04  Drone  
  73  7:06  Drone x6  
  73  7:07  Drone  
  81  7:14  Overlord  
  81  7:21  Extractor x2  
  79  7:26  Overlord x2  
  79  7:28  Drone  
  79  7:29  Drone x4  
  84  7:32  Extractor  
  84  7:34  Drone  
  84  7:35  Drone x6  
  90  7:37  Evolution Chamber  
  90  7:40  Evolution Chamber  
  90  7:41  Drone  
  89  7:51  Overlord x2  
  89  7:53  Drone x4  
  89  7:55  Extractor  
  89  7:57  Overseer  
  92  7:59  Drone  
  92  8:00  Drone  
  92  8:03  Extractor  
  93  8:07  Drone x7  
  93  8:11  Zerg Ground Armor Level 1, Zerg Melee Weapons Level 1  
  100  8:19  Overlord x2  
  100  8:24  Spore Crawler x2  
  100  8:25  Spore Crawler  
  100  8:26  Zergling x6  
  100  8:31  Hydralisk Den  
  100  8:32  Overlord x2  
  98  8:52  Zergling x18  
  107  9:02  Hydralisk x4  
  107  9:03  Hydralisk x6  
  107  9:04  Lurker Den  
  107  9:09  Baneling x5  
  126  9:10  Baneling x2, Hydralisk  
  126  9:13  Hydralisk  
  128  9:18  Queen x2  
  128  9:22  Hydralisk x2  
  136  9:29  Hydralisk x2  
  140  9:32  Hydralisk  
  140  9:36  Hydralisk  
  144  9:39  Overlord x6  
  144  9:51  Hydralisk  
  144  9:52  Hydralisk x4  
  152  9:56  Hydralisk  
  152  9:59  Hatchery  
  135  10:15  Hydralisk x3  
  128  10:41  Hatchery  
  127  10:50  Hatchery  
  127  10:54  Hydralisk x5  
  126  11:13  Lurker x2  
  126  11:17  Zergling x10  
  133  11:36  Zergling x4  
  133  11:51  Drone x10  
  133  11:53  Zerg Missile Weapons Level 1  
  143  12:00  Extractor  
  142  12:02  Drone  
  142  12:03  Drone x3  
  146  12:09  Overseer  
  145  12:17  Spore Crawler x2  
  140  12:25  Overseer  
  140  12:33  Spire  
  140  12:36  Extractor x2  
  137  12:44  Zergling x26  
  138  12:50  Queen  
  152  12:55  Zergling x6  
  155  13:06  Drone  
  155  13:07  Drone x4  
  160  13:15  Lair, Hatchery  
  160  13:17  Extractor x2  
  160  13:19  Hatchery  
  156  13:21  Zerg Ground Armor Level 2  
  156  13:24  Extractor  
  153  13:55  Zerg Missile Weapons Level 2  
  153  13:56  Infestation Pit  
  153  13:58  Queen  
  153  13:59  Queen  
  156  14:04  Drone  
  156  14:05  Drone x6  
  156  14:06  Spine Crawler  
  156  14:07  Spine Crawler  
  156  14:09  Drone x9  
  170  14:14  Baneling x12  
  170  14:16  Lurker x5  
  175  14:17  Zergling x2  
  175  14:18  Zergling x8  
  180  14:31  Spore Crawler  
  153  14:54  Hydralisk x13  
  153  14:59  Zergling x10  
  178  15:07  Zergling x10  
  184  15:14  Zergling x4  
  184  15:18  Zergling x2  
  184  15:19  Zergling x10  
  134  15:36  Zergling x22  
  133  15:45  Hydralisk x8  
  133  15:56  Baneling  
  127  15:57  Baneling x2  
  127  16:03  Spine Crawler x2  
  127  16:04  Spine Crawler  
  111  16:05  Spine Crawler  
  111  16:08  Spine Crawler  
  111  16:09  Zergling x14  
  111  16:10  Zergling x10  
  87  16:25  Zergling x2  
  87  16:26  Zergling x14  
Show
View Real Time Build Order
Export as new Build Order

Pumba Protoss - Winner!

Build Orders:  

Get SALT Encoding   

  12  0:00  Probe  
  13  0:12  Probe  
  14  0:20  Pylon  
  14  0:25  Probe  
  15  0:38  Probe (Chrono Boost), Gateway  
  16  0:46  Assimilator  
  17  0:50  Probe (Chrono Boost)  
  17  0:56  Probe  
  18  1:08  Probe  
  19  1:20  Probe  
  20  1:29  Pylon  
  20  1:30  Zealot (Chrono Boost)  
  20  1:32  Gateway  
  22  1:34  Cybernetics Core  
  22  1:39  Probe  
  23  1:48  Zealot (Chrono Boost)  
  24  2:11  Adept (Chrono Boost)  
  26  2:24  Nexus  
  26  2:25  Probe  
  26  2:28  Assimilator  
  27  2:37  Probe, Pylon  
  27  2:38  Warp Gate  
  28  2:46  Stalker  
  30  2:51  Probe  
  31  2:58  Robotics Facility  
  31  3:03  Probe  
  32  3:15  Probe  
  33  3:28  Probe (Chrono Boost)  
  34  3:37  Probe (Chrono Boost)  
  36  3:45  Probe (Chrono Boost)  
  36  3:46  Probe (Chrono Boost)  
  36  3:47  Observer (Chrono Boost)  
  38  3:51  Probe (Chrono Boost)  
  38  3:52  Probe (Chrono Boost)  
  40  3:57  Gateway  
  40  4:01  Twilight Council  
  40  4:03  Probe  
  40  4:04  Probe  
  42  4:21  Probe (Chrono Boost)  
  42  4:23  Immortal  
  48  4:27  Probe (Chrono Boost)  
  48  4:31  Probe (Chrono Boost)  
  49  4:35  Probe (Chrono Boost)  
  49  4:36  Probe (Chrono Boost), Pylon  
  51  4:39  Pylon  
  51  4:45  Charge (Chrono Boost)  
  51  5:11  Gateway  
  51  5:13  Gateway, Probe  
  51  5:14  Probe, Gateway  
  53  5:15  Gateway  
  53  5:17  Assimilator  
  53  5:20  Gateway  
  53  5:21  Zealot, Gateway  
  55  5:22  Zealot  
  55  5:23  Gateway  
  55  5:25  Probe  
  55  5:26  Probe  
  55  5:28  Zealot  
  26  5:43  Zealot x2  
  28  5:56  Gateway  
  26  5:58  Sentry  
  26  6:02  Shield Battery  
  28  6:14  Adept x2  
  32  6:22  Adept  
  32  6:25  Adept  
  36  6:33  Sentry  
  36  6:39  Probe (Chrono Boost)  
  40  6:40  Probe (Chrono Boost)  
  40  6:50  Zealot x2, Probe (Chrono Boost)  
  45  6:59  Templar Archives  
  45  7:06  Probe (Chrono Boost)  
  47  7:10  Probe (Chrono Boost)  
  48  7:16  Probe (Chrono Boost)  
  48  7:19  Probe (Chrono Boost)  
  48  7:21  Probe (Chrono Boost), Pylon  
  49  7:29  Probe (Chrono Boost)  
  51  7:35  Assimilator  
  52  7:37  Probe (Chrono Boost)  
  52  7:40  Immortal  
  52  7:41  Probe (Chrono Boost)  
  57  8:05  Gateway  
  57  8:06  Probe (Chrono Boost)  
  57  8:09  Gateway x2  
  57  8:10  Gateway  
  57  8:12  Probe (Chrono Boost)  
  59  8:17  Probe (Chrono Boost)  
  60  8:25  Warp Prism (Chrono Boost)  
  62  8:45  High Templar x4  
  70  8:49  Archon  
  70  8:50  Archon  
  70  9:04  Phoenix  
  70  9:19  Zealot x4  
  77  9:24  Pylon  
  77  9:28  Pylon  
  77  9:29  Pylon  
  77  9:59  Zealot x11  
  47  10:31  Robotics Bay  
  47  10:32  Probe x2  
  43  10:41  Zealot x4  
  47  10:44  Probe (Chrono Boost)  
  49  10:50  Probe (Chrono Boost)  
  49  10:51  Nexus  
  49  10:52  Sentry  
  49  10:53  Zealot x2  
  49  10:54  Zealot  
  49  10:55  Probe (Chrono Boost)  
  50  11:00  Probe x2 (Chrono Boost)  
  52  11:16  Robotics Facility  
  52  11:23  Disruptor (Chrono Boost)  
  52  11:29  Sentry  
  52  11:30  Sentry  
  52  11:31  Stalker x2  
  52  11:32  Stalker x3  
  69  11:36  Zealot x2  
  71  11:49  Pylon  
  71  11:51  Disruptor (Chrono Boost), Pylon  
  71  11:52  Pylon  
  74  11:57  Zealot  
  74  12:00  Zealot  
  78  12:05  Probe x2  
  80  12:21  Observer (Chrono Boost)  
  82  12:25  Disruptor (Chrono Boost)  
  80  12:35  Disruptor (Chrono Boost)  
  83  12:40  Pylon  
  83  12:42  Assimilator  
  83  12:46  Assimilator  
  83  12:52  Stalker x2  
  83  12:54  Disruptor, Stalker  
  92  13:03  Zealot x2  
  92  13:04  Zealot  
  98  13:08  Disruptor  
  101  13:33  Observer  
  96  13:41  Probe (Chrono Boost)  
  96  13:43  Disruptor  
  100  13:51  Probe (Chrono Boost)  
  100  13:53  Nexus  
  101  13:56  Probe (Chrono Boost)  
  101  13:59  High Templar x3  
  101  14:00  High Templar x3  
  114  14:05  Archon x2  
  114  14:06  Archon  
  114  14:44  Zealot  
  114  14:45  Stalker x9  
  128  15:16  Zealot x9  
  128  15:19  Observer  
  147  15:25  Pylon  
  114  15:46  Zealot x7  
  120  15:52  Zealot  
  121  16:04  Zealot x2  
  125  16:24  Zealot x7  
Tags
 
Add a new tag
Caveats
  • Supply blocks, unpowered buildings, or Contaminate may cause inaccurate times.
  • Supply counts are checked every 10 seconds.